 Dungeon Sprint DCSS version 0.23-a0-136-g722f094 (webtiles) character file.

75 Kidiri the Thaumaturge (level 4, -3/24 HPs)
             Began as a Deep Elf Fire Elementalist on Aug 28, 2018.
             Slain by a water elemental (20 damage)
             ... in the Dungeon (Sprint III: "The Ten Rune Challenge").
             The game lasted 00:01:52 (466 turns).

Kidiri the Thaumaturge (Deep Elf Fire Elementalist)  Turns: 466, Time: 00:01:53

Health: -3/24      AC:  1    Str:  5    XL:     4   Next: 11%
Magic:  6/16       EV: 13    Int: 21    God:
Gold:   25         SH:  0    Dex: 17    Spells: 6/19 levels left

rFire    . . .     SeeInvis .   (no weapon)
rCold    . . .     Gourm    .   (no shield)
rNeg     . . .     Faith    .   a - +0 robe
rPois    .         Spirit   .   (helmet restricted)
rElec    .         Reflect  .   (no cloak)
rCorr    .         Harm     .   (no gloves)
MR       .....     NoTele   +   (no boots)
Stlth    ++........             (no amulet)
HPRegen  0.08/turn              (no ring)
MPRegen  0.15/turn              (no ring)

@: no status effects
A: beak, claws 1, agile 1, deformed body
a: no special abilities


You were in the Dungeon.
You were not hungry.

You visited 1 branch You collected 25 gold pieces.

Inventory:

Armour
 a - a +0 robe (worn)
Scrolls
 d - a scroll of torment
 i - a scroll of blinking
 k - 2 scrolls of remove curse {unknown}
 m - a scroll of holy word {unknown}
Potions
 e - a potion of heal wounds
 f - a potion of haste
 g - 2 potions of magic
 h - a potion of berserk rage
 l - 3 potions of flight
 n - a potion of lignification
Comestibles
 b - 2 chunks of flesh
 c - 3 rations


   Skills:
 - Level 2.4 Dodging
 - Level 2.4 Stealth
 * Level 8.0 Spellcasting
 + Level 4.4 Conjurations
 + Level 5.4 Fire Magic


You had 6 spell levels left.
You knew the following spells:

 Your Spells              Type           Power        Failure   Level  Hunger
a - Flame Tongue          Conj/Fire      ####.        1%          1    None
b - Throw Flame           Conj/Fire      ####..       1%          2    None
c - Conjure Flame         Conj/Fire      ####....     3%          3    None
d - Inner Flame           Hex/Fire       ###.....     8%          3    None
e - Sticky Flame          Conj/Fire      ####....     11%         4    ###....

Your spell library contained the following spells:

 Spells                   Type           Power        Failure   Level  Hunger
 Fireball                 Conj/Fire      ####......   28%         5    #####..


Dungeon Overview and Level Annotations

Branches:
Dungeon (1/1)

Altars:


Innate Abilities, Weirdness & Mutations

You have a beak for a mouth.
You have sharp fingernails.
You are agile. (Dex +2)
Armour fits poorly on your strangely shaped body.


Message History

The fire ignites!
Casting: Conjure Flame (safe; 3% risk of failure)
Confirm with . or Enter, or press ? or * to list all spells.
Aiming: Flame Tongue (safe; 1% risk of failure)
Press: ? - help, Shift-Dir - straight line, f - water elemental
Aim: a water elemental (flame)
The flame tongue misses the water elemental.
The water elemental is engulfed in blazing flames.
The water elemental hits you!
The water elemental engulfs you in water!
You cannot cast spells while unable to breathe!
Sorry, you're not good enough to have a special ability.
Unknown command.
Unknown command.
You slip free of the water engulfing you.
You gasp with relief as air once again reaches your lungs.
The water elemental is engulfed in blazing flames.
The water elemental hits you!!
Ouch! That really hurt!
You die...

▓▓▓▓▓▓▓▓▓▓ ▓▓▓
<.#..+...♣♣♣ ♣.#
..#..#.....♣♣ ♣.#
#'####......♣ ♣♣.#
.....#....≈.♣♣♣..# #+#+#
.....#..÷≈≈.♣♣...#......
.....#..≈≈≈≈...♣@E.⌠....
####'#..≈≈≈≈≈≈♣♣.#...###
(....#.≈≈≈≈≈≈....#.§.#
.....#.≈≈≈≈≈.....# ..#
.....#.≈≈≈.......# ###
'#####...........#
.................#
▓▓▓▓▓▓▓▓▓▓▓▓▓▓▓▓▓▓


You could see a water elemental.

Vanquished Creatures
  A scorpion (D)
  A human (D)
  An ooze (D)
  3 rats (D)
6 creatures vanquished.

Vanquished Creatures (others)
  2 draconian scorchers (D)
  6 hellions (D)
  A yaktaur (D)
9 creatures vanquished.

Grand Total: 15 creatures vanquished

Notes
Turn   | Place    | Note
-------+----------+-------------------------------------------
     0 | D        | Kidiri the Deep Elf Fire Elementalist began the quest for
                  | the Orb.
     0 | D        | Reached XP level 1. HP: 10/10 MP: 6/6
     9 | D        | Reached skill level 4 in Spellcasting
   109 | D        | Killed a hellion
   109 | D        | Killed a hellion
   128 | D        | Noticed a scorpion
   142 | D        | Killed a scorpion
   142 | D        | Reached skill level 7 in Spellcasting
   142 | D        | Reached skill level 5 in Fire Magic
   142 | D        | Reached XP level 2. HP: 7/15 MP: 0/12
   142 | D        | Reached XP level 3. HP: 9/19 MP: 0/13
   142 | D        | Killed a white draconian scorcher
   146 | D        | Learned a level 2 spell: Throw Flame
   150 | D        | Learned a level 3 spell: Conjure Flame
   154 | D        | Learned a level 3 spell: Inner Flame
   154 | D        | Killed a white draconian scorcher
   172 | D        | Gained mutation: You are dopey. (Int -2) [potion of
                  | mutation]
   172 | D        | Gained mutation: Your flesh is heat resistant. (rF+)
                  | [potion of mutation]
   173 | D        | Lost mutation: You are dopey. (Int -2) [potion of mutation]
   173 | D        | Gained mutation: Scrolls take you a little longer to read.
                  | [potion of mutation]
   173 | D        | Gained mutation: Your flesh is very heat resistant. (rF++)
                  | [potion of mutation]
   173 | D        | Killed a hellion
   174 | D        | Lost mutation: Scrolls take you a little longer to read.
                  | [potion of mutation]
   174 | D        | Lost mutation: Your flesh is very heat resistant. (rF++)
                  | [potion of mutation]
   174 | D        | Gained mutation: You expend magic power (3 MP) to
                  | strengthen your wands. [potion of mutation]
   174 | D        | Gained mutation: You have sharp fingernails. [potion of
                  | mutation]
   175 | D        | Lost mutation: You expend magic power (3 MP) to strengthen
                  | your wands. [potion of mutation]
   175 | D        | Lost mutation: Your flesh is heat resistant. (rF+) [potion
                  | of mutation]
   175 | D        | Gained mutation: Armour fits poorly on your strangely
                  | shaped body. [potion of mutation]
   175 | D        | Gained mutation: You are agile. (Dex +2) [potion of
                  | mutation]
   175 | D        | Gained mutation: You have a beak for a mouth. [potion of
                  | mutation]
   226 | D        | Killed a hellion
   236 | D        | Killed a yaktaur
   311 | D        | Killed a hellion
   311 | D        | Killed a hellion
   443 | D        | Reached skill level 8 in Spellcasting
   443 | D        | Reached XP level 4. HP: 24/24 MP: 6/16
   453 | D        | Learned a level 4 spell: Sticky Flame
   463 | D        | Noticed a water elemental
   466 | D        | Slain by a water elemental

Vault maps used:
D:        dungeon_sprint_mu

Skill      XL: |  1  2  3 |
---------------+----------+-----
Spellcasting   | 7 8 |  8.0
Conjurations   | 4 |  4.4
Fire Magic     | 5 |  5.4
Dodging        | |  2.4
Stealth        | |  2.4

Action                   |  1- 3 |  4- 6 || total
-------------------------+-------+-------++-------
 Cast: Flame Tongue      |    17 |     2 ||    19
       Throw Flame       |     3 |       ||     3
       Conjure Flame     |       |     1 ||     1
  Use: Potion            |     5 |       ||     5
       Scroll            |     2 |       ||     2
Dodge: Dodged            |     5 |       ||     5

Table legend:
 A = Non-vault XP
 B = Vault XP
 C = Vault XP percentage of total XP
 D = Non-vault monster count
 E = Vault monster count
 F = Vault count percentage of total count
                 A         B        C        D         E       F
            +---------+---------+-------+---------+---------+-------
      Total |       0 |     108 | 100.0 |       0 |       6 | 100.0
            +---------+---------+-------+---------+---------+-------
          D |       0 |     108 | 100.0 |       0 |       6 | 100.0
            +---------+---------+-------+---------+---------+-------
